 Dungeon Sprint DCSS version 0.31-a0-702-gf82c85558f (webtiles) character file.

Game seed: 7624021770444139926

16278 sircluck the Brawler (level 12, -2/214 HPs)
             Began as a Troll Berserker on Sept 7, 2023.
             Was the Champion of Trog.
             Slain by a spriggan defender
             ... wielding a +0 dagger
              (26 damage)
             ... in the Dungeon (Sprint III: "The Ten Rune Challenge") on Sept 8, 2023.
             The game lasted 00:07:36 (1697 turns).

sircluck the Brawler (Troll Berserker)              Turns: 1697, Time: 00:07:37

Health: -2/214     AC:  6    Str: 36    XL:     12   Next: 8%
Magic:  11/11      EV: 13    Int:  2    God:    Trog [******]
Gold:   2738       SH:  0    Dex:  8    Spells: 11/11 levels left

rFire   . .          .
                       - Unarmed
rCold   . . .        (no shield)
rNeg    . . .        a - +0 animal skin
rPois   .            p - +0 hat {Stlth+}
rElec   .            (no cloak)
rCorr   .            (gloves unavailable)
SInv    .            (boots unavailable)
Will    .....        (no amulet) Stlth
                     (no ring)
HPRegen 1.35/turn    (no ring)
MPRegen 0.12/turn

%: no teleportation
@: berserking, very quick
A: large, unfitting armour, claws 3, regeneration 1, shaggy fur 1, tough skin 1,
iridescent scales 1, strong 1, MP-powered wands, noise suppression
a: Renounce Religion, Berserk, Trog's Hand, Brothers in Arms


You were in the Dungeon.
You worshipped Trog.
Trog was exalted by your worship.
You visited 1 branch You collected 2738 gold pieces.

Inventory:

Missiles
 b - 7 curare-tipped darts
 h - 6 boomerangs
Armour
 a - a +0 animal skin (worn)
 p - a +0 hat of stealth (worn)
Wands
 j - a wand of acid (4)
Scrolls
 i - a scroll of vulnerability {unknown}
 k - 2 scrolls of torment {unknown}
 l - 3 scrolls of identify
Potions
 d - 2 potions of haste
 e - 2 potions of magic
 f - a potion of berserk rage
 m - a potion of degeneration {unknown}
 n - a potion of brilliance {unknown}
 q - a potion of lignification {unknown}
 r - a potion of cancellation {unknown}
Miscellaneous
 o - a phantom mirror


   Skills:
 + Level 15.6 Fighting
 + Level 15.4 Dodging
 + Level 18.1 Unarmed Combat


You had 11 spell levels left.
You didn't know any spells.
Your spell library was empty.

Dungeon Overview and Level Annotations

Branches:
Dungeon (1/1)

Altars:
Cheibriados
Dithmenos
Elyvilon
Fedhas
Gozag
Hepliaklqana
Kikubaaqudgha
Makhleb
Nemelex Xobeh
Okawaru
Qazlal
Ru
Sif Muna
Trog
Uskayaw
Vehumet
Wu Jian
Xom
Yredelemnul
Zin
The Shining One
Jiyva
Lugonu

Shops:
D !

Annotations:
D exclusion: obsidian statue


Innate Abilities, Weirdness & Mutations

You are too large for most types of armour.
You have claws for hands.
Your natural rate of healing is unusually fast.
You are covered in fur. (AC +1)
You have tough skin. (AC +1)
You are partially covered in iridescent scales. (AC +2)
Your muscles are strong. (Str +4, Int/Dex -1)
You expend magic power (3 MP) to strengthen your wands.
You passively dampen the noise of your surroundings.


Message History

You kill the spriggan defender!
Trog accepts your kill. Trog grants you a weapon!
Something appears at your feet!
You see here the +1 short sword of the Lonely Things {heavy, Will+}.
The spriggan defender closely misses you.
The spriggan defender hits you with a +0 dagger!!
Unknown command.
You closely miss the spriggan defender. The spriggan defender misses you.
The spriggan defender hits you with a +0 dagger!!
The spriggan defender barely misses you.
You closely miss the spriggan defender.
The spriggan defender hits you with a +0 dagger! x2
The spriggan defender barely misses you.
You completely miss the spriggan defender.
The spriggan defender hits you but does no damage.
The spriggan defender hits you with a +0 dagger!!
* * * LOW HITPOINT WARNING * * *
The spriggan defender hits you but does no damage.
Blink to where?
Press: ? - help, Q - select action, (/) - cycle Dir - move target
As you read the scroll of blinking, it crumbles to dust.
Marking area around an obsidian statue as unsafe for travelling.
A red film seems to cover your vision as you go berserk!
You feel yourself moving faster!
You feel mighty!
The spriggan defender hits you with a +0 dagger.
* * * LOW HITPOINT WARNING * * *
The spriggan defender misses you.
You barely miss the spriggan defender.
The spriggan defender hits you with a +0 dagger!
* * * LOW HITPOINT WARNING * * *
You eviscerate the spriggan defender!!!
The spriggan defender is severely wounded.
You eviscerate the spriggan defender!!!
You feel the power of Trog in you as your rage grows.
You kill the spriggan defender!
Trog accepts your kill.
You barely miss the spriggan defender.
The spriggan defender hits you with a +0 dagger!!
You die...

#'#####
#.....+
#.##########
#.#$PP......
#.#PP.....#
#.#P)...#
#.#ii.# #8
#.#i###§..
#@#'#.§§§§
#i#.....§§
#i#..§§§§§
#.......§.
#########.


You could see 2 spriggan defenders.

Vanquished Creatures
  Gastronok (D)
  2 dire elephants (D)
  Josephine (D)
  A centaur warrior (D)
  3 orc high priests (D)
  A deep elf knight (D)
  An orc knight (D)
  3 deep elf zephyrmancers (D)
  2 deep elf pyromancers (D)
  2 elephants (D)
  2 cane toads (D)
  A komodo dragon (D)
  An unseen horror (D)
  A rime drake (D)
  3 wandering mushrooms (D)
  2 spriggan defenders (D)
  5 blink frogs (D)
  A shadow (D)
  A spatial vortex (D)
  A swamp drake (D)
  An orc warrior (D)
  2 centaurs (D)
  An earth elemental (D)
  A necrophage (D)
  A water elemental (D)
  13 killer bees (D)
  A jelly (D)
  5 orc priests (D)
  A wizard (D)
  Jessica (D)
  A necromancer (D)
  2 orc wizards (D)
  A kobold demonologist (D)
  3 humans (D)
  A wolf (D)
  10 orcs (D)
  2 rats (D)
82 creatures vanquished.

Vanquished Creatures (collateral kills)
  Dowan (D)
  Duvessa (D)
  A queen bee (D)
  19 killer bees (D)
22 creatures vanquished.

Grand Total: 104 creatures vanquished

Notes
Turn   | Place    | Note
-------+----------+-------------------------------------------
     0 | D        | sircluck the Troll Berserker began the quest for the Orb.
     0 | D        | Reached XP level 1. HP: 22/22 MP: 0/0
    10 | D        | Noticed Jessica
    12 | D        | Killed Jessica
    12 | D        | Reached ** piety under Trog
    13 | D        | Reached skill level 4 in Unarmed Combat
    13 | D        | Reached XP level 2. HP: 32/32 MP: 1/1
    42 | D        | Reached XP level 3. HP: 6/39 MP: 2/2
    87 | D        | Reached skill level 5 in Unarmed Combat
   116 | D        | Noticed a water elemental
   118 | D        | Gained mutation: You are dopey. (Int -2) [potion of
                  | mutation]
   119 | D        | Lost mutation: You are dopey. (Int -2) [potion of mutation]
   119 | D        | Gained mutation: You have an increased reservoir of magic.
                  | (+10% MP) [potion of mutation]
   119 | D        | Gained mutation: Your flesh is heat resistant. (rF+)
                  | [potion of mutation]
   119 | D        | Gained mutation: Your body sometimes deteriorates upon
                  | taking damage. [potion of mutation]
   120 | D        | Lost mutation: You have an increased reservoir of magic.
                  | (+10% MP) [potion of mutation]
   120 | D        | Lost mutation: Your flesh is heat resistant. (rF+) [potion
                  | of mutation]
   120 | D        | Gained mutation: You occasionally lose the ability to drink
                  | potions when taking damage. [potion of mutation]
   120 | D        | Gained mutation: You passively dampen the noise of your
                  | surroundings. [potion of mutation]
   121 | D        | Lost mutation: Your body sometimes deteriorates upon taking
                  | damage. [potion of mutation]
   121 | D        | Lost mutation: You occasionally lose the ability to drink
                  | potions when taking damage. [potion of mutation]
   121 | D        | Gained mutation: You expend magic power (3 MP) to
                  | strengthen your wands. [potion of mutation]
   121 | D        | Gained mutation: You are partially covered in iridescent
                  | scales. (AC +2) [potion of mutation]
   121 | D        | Gained mutation: Your muscles are strong. (Str +4, Int/Dex
                  | -1) [potion of mutation]
   126 | D        | Killed a water elemental
   126 | D        | Reached *** piety under Trog
   127 | D        | Reached skill level 5 in Fighting
   127 | D        | Reached skill level 5 in Dodging
   127 | D        | Reached skill level 6 in Unarmed Combat
   127 | D        | Reached XP level 4. HP: 50/50 MP: 3/3
   195 | D        | Found a basalt altar of Yredelemnul.
   195 | D        | Found a shadowy altar of Dithmenos.
   195 | D        | Found a sacrificial altar of Ru.
   195 | D        | Noticed a necrophage
   202 | D        | Killed a necrophage
   203 | D        | Reached skill level 7 in Unarmed Combat
   203 | D        | Reached XP level 5. HP: 52/59 MP: 4/4
   214 | D        | Noticed a shadow
   220 | D        | Reached **** piety under Trog
   221 | D        | Killed a shadow
   222 | D        | Reached skill level 8 in Unarmed Combat
   222 | D        | Reached XP level 6. HP: 37/71 MP: 5/5
   229 | D        | Found a blossoming altar of Fedhas.
   229 | D        | Found a stormy altar of Qazlal.
   229 | D        | Found a snail-covered altar of Cheibriados.
   229 | D        | Found a burning altar of Makhleb.
   229 | D        | Found a shimmering altar of Xom.
   229 | D        | Noticed a spatial vortex
   230 | D        | Found a hazy altar of Hepliaklqana.
   230 | D        | Found an opulent altar of Gozag.
   230 | D        | Found a sparkling altar of Nemelex Xobeh.
   230 | D        | Found a corrupted altar of Lugonu.
   230 | D        | Found a viscous altar of Jiyva.
   280 | D        | Killed a spatial vortex
   281 | D        | Reached skill level 9 in Unarmed Combat
   306 | D        | Found a hide-covered altar of Uskayaw.
   306 | D        | Found an iron altar of Okawaru.
   307 | D        | Found a bloodstained altar of Trog.
   307 | D        | Found an ornate altar of the Wu Jian Council.
   307 | D        | Noticed a human
   308 | D        | Noticed a human
   311 | D        | Killed a human
   312 | D        | Reached XP level 7. HP: 80/80 MP: 6/6
   319 | D        | Killed a human
   319 | D        | Reached ***** piety under Trog
   320 | D        | Reached skill level 10 in Unarmed Combat
   360 | D        | Found a radiant altar of Vehumet.
   360 | D        | Found a shimmering blue altar of Sif Muna.
   360 | D        | Found an ancient bone altar of Kikubaaqudgha.
   373 | D        | Found a glowing silver altar of Zin.
   373 | D        | Found a glowing golden altar of the Shining One.
   373 | D        | Found a white marble altar of Elyvilon.
   374 | D        | Noticed a deep elf pyromancer
   377 | D        | Killed a deep elf pyromancer
   378 | D        | Reached skill level 11 in Unarmed Combat
   378 | D        | Reached XP level 8. HP: 64/92 MP: 7/7
   415 | D        | Noticed Josephine
   423 | D        | Killed Josephine
   423 | D        | Received a gift from Trog
   424 | D        | Reached skill level 10 in Fighting
   424 | D        | Reached skill level 10 in Dodging
   424 | D        | Reached skill level 12 in Unarmed Combat
   442 | D        | Reached XP level 9. HP: 92/102 MP: 8/8
   451 | D        | Noticed a centaur warrior
   460 | D        | Killed a centaur warrior
   512 | D        | Killed an unseen horror
   513 | D        | Reached skill level 13 in Unarmed Combat
   526 | D        | Identified the +4 quarterstaff "Yxysm" {flame, Dex+2} (Trog
                  | gifted it to you in the Dungeon)
   526 | D        | Received a gift from Trog
   543 | D        | Reached ****** piety under Trog
   545 | D        | Received a gift from Trog
   553 | D        | Noticed a queen bee
   573 | D        | Killed a queen bee
   575 | D        | Reached XP level 10. HP: 69/115 MP: 1/9
   580 | D        | Received a gift from Trog
   581 | D        | Reached skill level 14 in Unarmed Combat
   588 | D        | Identified the +5 quarterstaff of Hego {flame, Fly Dex+3}
                  | (Trog gifted it to you in the Dungeon)
   588 | D        | Received a gift from Trog
   670 | D        | Noticed Dowan
   670 | D        | Noticed Duvessa
   674 | D        | Killed Dowan
   674 | D        | Received a gift from Trog
   675 | D        | Reached skill level 15 in Unarmed Combat
   678 | D        | Killed Duvessa
   704 | D        | Noticed a cane toad
   704 | D        | Noticed a cane toad
   708 | D        | Killed a cane toad
   711 | D        | Killed a cane toad
   746 | D        | Received a gift from Trog
   747 | D        | Reached XP level 11. HP: 103/127 MP: 10/10
   875 | D        | Noticed a dire elephant
   875 | D        | Noticed a dire elephant
   875 | D        | Noticed Gastronok
   882 | D        | Killed a dire elephant
   883 | D        | Reached skill level 16 in Unarmed Combat
   889 | D        | Killed a dire elephant
   890 | D        | Received a gift from Trog
   900 | D        | Killed Gastronok
  1081 | D        | Found Sics's Distillery.
  1082 | D        | Noticed an orc high priest
  1086 | D        | Killed an orc high priest
  1086 | D        | Noticed an orc knight
  1087 | D        | Reached skill level 17 in Unarmed Combat
  1102 | D        | Noticed an orc high priest
  1103 | D        | Killed an orc knight
  1105 | D        | Identified the +9 glaive "Yheascha" {flame, rC+ Will- Dex+3
                  | Stlth+} (Trog gifted it to you in the Dungeon)
  1105 | D        | Received a gift from Trog
  1135 | D        | Noticed a sun demon
  1135 | D        | Killed an orc high priest
  1136 | D        | Reached skill level 15 in Fighting
  1216 | D        | Upgraded the game from 0.31-a0-700-gf13585253f to
                  | 0.31-a0-702-gf82c85558f
  1221 | D        | Noticed a deep elf pyromancer
  1221 | D        | Noticed a deep elf knight
  1221 | D        | Noticed a deep elf zephyrmancer
  1221 | D        | Noticed a deep elf zephyrmancer
  1221 | D        | Noticed a deep elf zephyrmancer
  1331 | D        | Killed a deep elf zephyrmancer
  1331 | D        | Received a gift from Trog
  1332 | D        | Killed a deep elf pyromancer
  1333 | D        | Reached skill level 15 in Dodging
  1347 | D        | Killed a deep elf zephyrmancer
  1353 | D        | HP: 6/198 [deep elf knight/shard of ice (35)]
  1354 | D        | Killed a deep elf knight
  1354 | D        | Identified the +2 rapier "Gusumpeuke" {heavy, Str+2} (Trog
                  | gifted it to you in the Dungeon)
  1354 | D        | Received a gift from Trog
  1356 | D        | Killed a deep elf zephyrmancer
  1357 | D        | Reached XP level 12. HP: 9/143 MP: 11/11
  1533 | D        | Noticed a yaktaur captain
  1534 | D        | Noticed a yaktaur captain
  1557 | D        | Reached skill level 18 in Unarmed Combat
  1684 | D        | Identified the +1 short sword of the Lonely Things {heavy,
                  | Will+} (Trog gifted it to you in the Dungeon)
  1684 | D        | Received a gift from Trog
  1697 | D        | Slain by a spriggan defender

Illustrated notes

Levels and vault maps discovered:
D:        dungeon_sprint_mu [sprint_mu_entry_forest, sprint_mu_temple_rooms,
          sprint_mu_d1_horrors, sprint_mu_d2_genie, sprint_mu_d3_branching,
          sprint_mu_orc_legion, sprint_mu_elf_gauntlet, sprint_mu_hive_nellie,
          sprint_mu_lair_fedhas, sprint_mu_vaults_butterflies,
          sprint_mu_slime_circle, sprint_mu_swamp_cave, sprint_mu_snake_twists,
          sprint_mu_blade_basic, sprint_mu_crypt_chambers,
          sprint_mu_tomb_spiral, sprint_mu_vestibule_basic,
          sprint_mu_gehenna_hellfire, sprint_mu_dis_giant,
          sprint_mu_tartarus_statrot, sprint_mu_cocytus_islands, sprint_mu_zot1]

Skill      XL: |  1  2  3  4  5  6  7  8  9 10 11 12 |
---------------+-------------------------------------+-----
Fighting       | 3 4 5 7 8 9 10 11 13 15 | 15.6
Dodging        | 3 4 5 7 8 9 10 11 13 15 | 15.4
Unarmed Combat | 4 6 7 8 9 11 12 13 15 17 18 | 18.1

Action                     |  1- 3 |  4- 6 |  7- 9 | 10-12 || total
---------------------------+-------+-------+-------+-------++-------
  Melee: Unarmed           |    21 |    22 |    69 |   149 ||   261
         Punch             |       |     2 |     3 |    11 ||    16
 Invoke: Berserk           |     1 |     1 |     1 |     4 ||     7
         Brothers in Arms  |       |       |     2 |     1 ||     3
  Evoke: Wand              |       |       |     4 |       ||     4
    Use: Potion            |     4 |       |     2 |     2 ||     8
         Scroll            |       |       |       |     1 ||     1
   Stab: Confused          |       |       |       |     1 ||     1
 Armour: Animal skin       |    15 |    12 |    89 |   124 ||   240
  Dodge: Dodged            |     5 |     2 |    48 |    88 ||   143

Table legend: (Time is in decaauts)
 A = Elapsed time spent in this place.
 B = Non-inter-level travel time spent in this place.
 C = Inter-level travel time spent in this place.
 D = Time resting spent in this place.
 E = Time spent auto-exploring this place.
 F = Levels seen in this place.
 G = Mean time per level.
                   A        B        C        D        E       F      G
               +--------+--------+--------+--------+--------+-----+--------+
         Total |   1695 |   1457 |    238 |    675 |     64 |   1 | 1695.0 |
       Dungeon |   1695 |   1457 |    238 |    675 |     64 |   1 | 1695.0 |
               +--------+--------+--------+--------+--------+-----+--------+

Top non-repeatable levels by time:
       D: 1695 daAuts
